 Dungeon Crawl Stone Soup version 0.28-a0-1387-g3a22ab9bdc (webtiles) character file.

Game seed: 18387303927634344429

2 croobank the Scratcher (level 1, 0/9 HPs)
             Began as a Felid Transmuter on Jan 2, 2022.
             Slain by a kobold (2 damage)
             ... on level 1 of the Dungeon.
             The game lasted 00:00:39 (73 turns).

croobank the Scratcher (Felid Transmuter)             Turns: 73, Time: 00:00:40

Health: 0/9        AC:  1    Str:  6    XL:     1   Next: 25%
Magic:  3/4        EV: 17    Int: 14    God:
Gold:   0          SH:  0    Dex: 16    Spells: 3/4 levels left
                                        Lives:  0   Deaths: 0

rFire   . . .      SeeInvis +     - Unarmed
rCold   . . .      Faith    .   (shield unavailable)
rNeg    . . .      Spirit   .   (armour unavailable)
rPois   .          Reflect  .   (helmet unavailable)
rElec   .          Harm     .   (cloak unavailable)
rCorr   .          Rampage  .   (gloves unavailable)
Will    .....                   (boots unavailable)
Stlth   +.........              (no amulet)
HPRegen 0.03/turn               (no ring)
MPRegen 0.09/turn               (no ring)

@: appendages (expiring), quick
A: horns 2, very small, claws 1, fangs 3, see invisible, speed 1, shaggy fur 1,
stealthy paws, no weapons or thrown items, no armour, multi-lived
a: End Transformation


You were on level 1 of the Dungeon.
You had temporarily grown beastly horns.
You visited 1 branch of the dungeon, and saw 1 of its levels.

You aren't carrying anything.


   Skills:
 + Level 1.0 Fighting
 + Level 2.7 Dodging
 + Level 3.0 Unarmed Combat
 + Level 2.0 Spellcasting
 + Level 2.2 Transmutations


You had 3 spell levels left.
You knew the following spells:

 Your Spells              Type           Power      Damage    Failure   Level
a - Beastly Appendage     Tmut           14%        N/A       10%         1

Your spell library contained the following spells:

 Spells                   Type           Power      Damage    Failure   Level
 Wereblood                Tmut           7%         N/A       14%         2
 Spider Form              Tmut/Pois      4%         N/A       41%         3
 Ice Form                 Ice/Tmut       4%         N/A       83%         4


Dungeon Overview and Level Annotations

Branches:
Dungeon (1/15)

Altars:


Innate Abilities, Weirdness & Mutations

You have temporarily grown beastly horns.
You have sharp claws.
You have razor-sharp teeth.
You have supernaturally acute eyesight. (SInv)
You cover ground quickly. (Speed+)
You are covered in fur. (AC +1)
Your paws help you pounce on unaware monsters.
You are incapable of wielding weapons or throwing items.
You cannot wear armour.
You gain extra lives every three experience levels.


Message History

Casting: Beastly Appendage (safe; 10% risk of failure)
Confirm with . or Enter, or press ? or * to list all spells.
You grow a pair of large bovine horns.
The goblin hits you but does no damage.
You scratch the goblin.
The goblin is severely wounded.
The goblin completely misses you.
You closely miss the goblin. You headbutt the goblin.
You kill the goblin!
You scratch the frilled lizard.
You kill the frilled lizard!
Things that are here:
a +0 dagger; a frilled lizard corpse Your transformation is almost over.
Your magical contamination has completely faded away.
Found a stone staircase leading down.
Your horns disappear.
Magic restored.
A kobold comes into view. It is wielding a +1 dagger of speed.
The kobold shouts!
Found 13 gold pieces.
Casting: Beastly Appendage (safe; 10% risk of failure)
Confirm with . or Enter, or press ? or * to list all spells.
You grow a pair of large bovine horns.
The kobold throws a stone.
The stone closely misses you. The kobold barely misses you.
You see here a scroll labelled ULIWNY SOACIN.
You closely miss the kobold.
The kobold hits you with a +1 dagger of speed.
You barely miss the kobold. Your bite misses the kobold. The kobold misses you.
You closely miss the kobold. The kobold completely misses you.
The kobold hits you with a +1 dagger of speed.
* * * LOW HITPOINT WARNING * * *
You scratch the kobold but do no damage.
The kobold barely misses you.
The kobold throws a stone.
The stone completely misses you.
The kobold throws a stone.
The stone completely misses you.
Found a stone staircase leading down.
Your transformation is almost over.
The kobold hits you with a +1 dagger of speed.
You die...

............
.............
..>....$....
...........#
.........######
..............#
#.#.#.#.#K......#
........@.?.....#
.#.#.#.#.##......#
..........#......#
.#.#.#.#.#.......#
................$.#
#.#.#.#.#.#.#######
............#
#.#>#.#.#.###
...........#


You could see a kobold.

Vanquished Creatures
  A goblin (D:1)
  A frilled lizard (D:1)
2 creatures vanquished.

Notes
Turn   | Place    | Note
-------+----------+-------------------------------------------
     0 | D:1      | croobank the Felid Transmuter began the quest for the Orb.
     0 | D:1      | Reached XP level 1. HP: 9/9 MP: 4/4
    73 | D:1      | Slain by a kobold

Illustrated notes

Levels and vault maps discovered:
D:1:      minmay_arrival_arboretum_small, layout_basic, roderic_roman_lattice,
          st_stairs_11, minmay_close_crescents

Action                   || total
-------------------------++-------
Melee: Unarmed           ||     7
       Headbutt          ||     1
 Cast: Beastly Appendage ||     2
Armor: Skin              ||     1
Dodge: Dodged            ||     8

Table legend: (Time is in decaauts)
 A = Elapsed time spent in this place.
 B = Non-inter-level travel time spent in this place.
 C = Inter-level travel time spent in this place.
 D = Time resting spent in this place.
 E = Time spent auto-exploring this place.
 F = Levels seen in this place.
 G = Mean time per level.
                   A        B        C        D        E       F      G
               +--------+--------+--------+--------+--------+-----+--------+
         Total |     62 |     62 |      0 |      0 |     27 |   1 |   62.0 |
       Dungeon |     62 |     62 |      0 |      0 |     27 |   1 |   62.0 |
               +--------+--------+--------+--------+--------+-----+--------+

Top non-repeatable levels by time:
     D:1: 62 daAuts
